AoeStats
← put here generic profile name

Nomad

507128462Analyzed
4v4 RM · 16d ago on Sep 16, 2026· 56m 8s· 8 players
Game mode
Random Map
Map size
231×231
Population
200
Speed
Normal
Resources
Standard
Victory
Conquest
Starting age
Dark Age
Ending age
Imperial Age
RankedLock teamsTeams togetherTeam positionsShared explorationLock speedFull tech treeHidden civsTurbo modeCheats
Victory
Defeat
🇲🇽 Hindustanis · Mexico
995
+16
🇳🇱 Persians · Netherlands
995
+16
🇳🇱 Koreans · Netherlands
990
+16
🇨🇭 Vietnamese · Switzerland
974
+17
🇨🇦 Vikings · Canada
1029
-17
🇺🇸 Japanese · United States
1021
-17
🇺🇸 Hindustanis · United States
1006
-17
🇧🇷 Franks · Brazil
947
-14
carlosolares
3:48 Loom
12:16 Feudal Age
12:59 Double-Bit Axe
12:55 Horse Collar
21:30 Castle Age
20:06 Stone Mining
22:20 Bow Saw
22:11 Heavy Plow
25:46 Town Watch
29:48 Forging
29:38 Scale Mail Armor
32:56 Imperial Age
31:27 Wheelbarrow
33:26 Hand Cart
33:57 Iron Casting
33:37 Chain Mail Armor
33:27 Scale Barding Armor
33:41 Chain Mail Armor
34:01 Iron Casting
37:48 Chemistry
40:40 Fortified Wall
51:02 Conscription
50:23 Heavy Camel Rider
51:26 Chain Barding Armor
50:58 Fletching
53:01 Blast Furnace
52:07 Husbandry
52:11 Imperial Camel Rider
53:18 Gold Mining
53:54 Bloodlines
55:33 Plate Barding Armor
put here generic profile name
16:53 Feudal Age
17:32 Double-Bit Axe
20:39 Castle Age
18:26 Fishing Lines
19:26 Gold Mining
19:27 Stone Mining
20:52 Loom
21:20 Bow Saw
22:57 Wheelbarrow
24:31 Gillnets
25:17 Fletching
30:24 Imperial Age
36:22 Horse Collar
37:44 Heavy Plow
38:26 Scale Barding Armor
38:31 Forging
39:27 Forging
40:34 Two-Man Saw
40:51 Hand Cart
41:15 Chain Barding Armor
41:30 Iron Casting
42:48 Bloodlines
42:38 Husbandry
42:48 Elite War Elephant
44:58 Iron Casting
47:12 Blast Furnace
46:48 Plate Barding Armor
51:55 Gold Shaft Mining
52:48 Bodkin Arrow
53:42 Stone Shaft Mining
Cheapp Sheepp
5:29 Loom
17:05 Feudal Age
19:06 Town Watch
20:28 Fletching
22:41 Castle Age
20:43 Horse Collar
30:14 Bodkin Arrow
33:21 Wheelbarrow
33:50 Double-Bit Axe
43:21 Bow Saw
43:27 Heavy Plow
44:51 Hand Cart
49:35 Imperial Age
48:59 Murder Holes
49:17 Masonry
49:44 Town Patrol
51:37 Chemistry
51:15 Bracer
52:04 Squires
51:49 Gambesons
52:20 Forging
52:10 Scale Mail Armor
53:05 Conscription
52:51 Eupseong
54:53 Arson
56:16 Chain Mail Armor
56:25 Chain Mail Armor
56:46 Iron Casting
ALDANDRONAN
4:15 Loom
5:13 Loom
13:57 Feudal Age
14:26 Town Watch
14:50 Double-Bit Axe
15:01 Gold Mining
15:45 Fishing Lines
20:48 Castle Age
18:44 Stone Mining
19:23 Fletching
21:55 Gillnets
22:21 Bow Saw
22:37 Medium Warships
22:19 Gillnets
23:21 Scale Mail Armor
26:31 Bodkin Arrow
29:24 Pikeman
31:35 Wheelbarrow
31:19 Forging
34:27 Padded Archer Armor
35:19 Stone Shaft Mining
36:07 Leather Archer Armor
37:41 Ballistics
38:02 Murder Holes
38:57 Hand Cart
43:26 Imperial Age
41:43 Scale Barding Armor
42:14 Iron Casting
42:35 Town Patrol
43:24 Chain Barding Armor
43:08 Husbandry
43:21 Bloodlines
43:43 Chatras
44:34 Paper Money
45:23 Chemistry
45:32 Hoardings
45:56 Plate Barding Armor
45:52 Ring Archer Armor
46:52 Capped Ram
49:52 Bracer
50:08 Chain Mail Armor
49:36 Elite Rattan Archer
51:09 Elite Battle Elephant
53:10 Heavy Warships
52:07 Demolition Ship
52:08 Elite Cannon Galleon
dacotton1
9:41 Loom
13:28 Feudal Age
14:58 Wheelbarrow
14:39 Horse Collar
14:47 Double-Bit Axe
20:52 Castle Age
21:43 Bloodlines
21:53 Forging
21:50 Scale Barding Armor
21:57 Husbandry
27:00 Hand Cart
26:35 Town Watch
31:06 Man-at-Arms
36:43 Town Patrol
37:43 Elite Skirmisher
38:34 Thumb Ring
39:53 Fletching
40:04 Padded Archer Armor
44:52 Imperial Age
LordYeetus
3:21 Loom
13:37 Feudal Age
19:05 Castle Age
16:47 Fishing Lines
20:43 Medium Warships
22:19 Gillnets
22:49 Double-Bit Axe
23:17 Town Watch
23:21 Horse Collar
26:24 Forging
26:43 Squires
27:58 Pikeman
30:34 Arson
30:51 Scale Mail Armor
33:10 Chain Mail Armor
33:31 Iron Casting
36:18 Yasama
38:13 Man-at-Arms
38:38 Gambesons
39:36 Long Swordsman
42:42 Padded Archer Armor
42:32 Fletching
43:58 Elite Skirmisher
tyco170
3:28 Loom
14:21 Feudal Age
15:01 Double-Bit Axe
14:57 Horse Collar
18:00 Town Watch
20:39 Castle Age
18:37 Stone Mining
18:59 Gold Mining
20:27 Fletching
20:02 Man-at-Arms
21:58 Heavy Plow
22:26 Bodkin Arrow
24:55 Bow Saw
25:26 Treadmill Crane
27:10 Ballistics
28:26 Gold Shaft Mining
28:16 Murder Holes
34:51 Imperial Age
32:51 Squires
32:37 Arson
33:50 Chieftains
33:46 Gambesons
34:23 Pikeman
34:23 Long Swordsman
35:12 Two-Handed Swordsman
38:21 Two-Man Saw
39:54 Bracer
39:54 Padded Archer Armor
39:55 Scale Mail Armor
40:06 Forging
41:14 Chemistry
42:18 Leather Archer Armor
42:49 Chain Mail Armor
45:00 Siege Engineers
46:38 Iron Casting
46:22 Elite Skirmisher
47:37 Ring Archer Armor
47:38 Plate Mail Armor
Will
4:57 Loom
13:46 Feudal Age
20:30 Forging
20:13 Fishing Lines
21:19 Scale Barding Armor
22:10 Double-Bit Axe
23:38 Gold Mining
28:18 Castle Age
30:45 Stone Mining
31:34 Iron Casting
31:20 Chain Barding Armor
33:18 Padded Archer Armor
33:09 Fletching
34:28 #83
37:13 Bodkin Arrow
38:41 Leather Archer Armor
39:25 Bow Saw
42:01 Imperial Age
42:42 Gold Shaft Mining
44:01 Chemistry
43:40 Conscription
43:56 Elite Throwing Axeman
47:19 Chivalry
49:41 Cavalier
50:22 Husbandry
54:48 Ballistics
55:34 Blast Furnace
Connection lost

Rejoining the realm…

Still unreachable

The connection could not be restored.

Session expired

The server has moved on; the page needs a fresh start.